 Dungeon Crawl Stone Soup version 0.30-a0-702-gdf48620a09 (webtiles) character file.

Game seed: 9419513676526329167

2065 kae the Changer (level 9, -2/70 HPs)
             Began as a Demonspawn Transmuter on Jan 21, 2023.
             Slain by a steam dragon (5 damage)
             ... on level 7 of the Dungeon.
             The game lasted 00:10:26 (5637 turns).

kae the Changer (Demonspawn Transmuter)             Turns: 5637, Time: 00:10:27

Health: -2/70      AC:  7    Str: 13    XL:     9   Next: 5%
Magic:  11/16      EV: 10    Int: 17    God:
Gold:   539        SH:  0    Dex: 13    Spells: 7/17 levels left

rFire   x . .      SeeInvis .      - Unarmed
rCold   + + +      Faith    .    (shield currently unavailable)
rNeg    . . .      Spirit   .    (body armour currently unavailable)
rPois   +          Reflect  .    (helmet currently unavailable)
rElec   .          Harm     .    (cloak currently unavailable)
rCorr   +          Rampage  .    (gloves currently unavailable)
Will    .....                    (boots currently unavailable)
Stlth   +                        (no amulet)
HPRegen 0.31/turn                R - ring of resist corrosion
MPRegen 0.15/turn                (no ring)

@: ice-form, wereblooded
A: freezing attack, amphibious, boosted hp, large, (large bone plates 1), (spiny
1), condensation shield, (weakness stinger 1)
a: End Transformation


You were on level 7 of the Dungeon.
You were a creature of crystalline ice.
You visited 1 branch of the dungeon, and saw 7 of its levels.

You collected 539 gold pieces.


Innate Abilities, Weirdness & Mutations

You are a creature of crystalline ice.
You have a powerful freezing melee attack.
You are amphibious.
Your maximum health is increased.
Your armour is entirely melded.
You are incapable of wielding weapons or throwing items.
((You are partially covered in large bone plates. (SH +4)))
((You are partially covered in sharp spines.))
A meltable shield of frost defends you. (SH +0)
((You have a small tail.))


   Skills:
 - Level 1.0 Fighting
 - Level 1.7 Dodging
 + Level 5.2 Unarmed Combat
 + Level 4.9 Spellcasting
 * Level 6.8 Transmutations
 * Level 5.2 Ice Magic
 - Level 2.0 Poison Magic


You had 7 spell levels left.
You knew the following spells:

 Your Spells              Type           Power      Damage    Failure   Level
a - Beastly Appendage     Tmut           54%        N/A       1%          1
b - Wereblood             Tmut           27%        N/A       1%          2
c - Spider Form           Tmut/Pois      19%        N/A       7%          3
d - Ice Form              Ice/Tmut       24%        N/A       12%         4

Your spell library contained the following spells:

 Spells                   Type           Power      Damage    Failure   Level
 Ignite Poison            Fire/Tmut/Pois 14%        N/A       13%         3
 Summon Small Mammal      Summ           16%        N/A       14%         1
 Poisonous Vapours        Pois/Air       14%        N/A       14%         2
 Cigotuvi's Dreadful Rot  Necr/Pois/Air  12%        N/A       17%         2
 Scorch                   Fire           8%         2d5       22%         2
 Static Discharge         Conj/Air       8%         2-3/arc   22%         2
 Mephitic Cloud           Conj/Pois/Air  6%         N/A       32%         3
 Call Canine Familiar     Summ           4%         N/A       41%         3
 Kindle Blastsparks       Fire/Tloc/Air  8%         2d10      41%         3
 Summon Guardian Golem    Hex/Summ       4%         N/A       41%         3
 Vhi's Electric Charge    Tloc/Air       8%         N/A       41%         3
 Dispel Undead            Necr           4%         3d7       82%         4
 Flame Wave               Conj/Fire      4%         2d5       82%         4
 Fulminant Prism          Conj/Hex       2%         3d5       82%         4
 Iskenderun's Mystic Bla  Conj/Tloc      4%         2d3       82%         4
 Sticky Flame             Conj/Fire      4%         2d3       82%         4
 Freezing Cloud           Conj/Ice/Air   5%         6-21      89%         5
 Arcjolt                  Conj/Air       2%         1d12      99%         5
 Iskenderun's Battlesphe  Conj           4%         2d6       99%         5
 Lee's Rapid Deconstruct  Erth           2%         3d4*      99%         5
 Lightning Bolt           Conj/Air       2%         1d13      99%         5
 Death Channel            Necr           2%         N/A       100%        6
 Iron Shot                Conj/Erth      2%         9d2       100%        6
 Summon Cactus Giant      Summ           2%         N/A       100%        6
 Spellforged Servitor     Conj/Summ      2%         N/A       100%        7
 Ignition                 Fire           2%         3d3       100%        8

Inventory:

Missiles
 d - 75 stones
 i - 2 poisoned darts
 m - 6 boomerangs
 n - 4 boomerangs of dispersal {=f!f}
Armour
 a - a +1 robe (melded)
Jewellery
 R - a ring of resist corrosion (left front paw)
   (You found it on level 6 of the Dungeon)
Wands
 f - a wand of digging (5)
   (You took it off Edmund on level 4 of the Dungeon)
Scrolls
 c - 2 scrolls of enchant weapon
 g - 2 scrolls of immolation {!r!r}
 j - 3 scrolls of enchant armour
 l - 4 scrolls of blinking {!r}
Potions
 b - a potion of haste {unknown}
 e - 3 potions of curing {@q1}
 h - a potion of mutation {unknown}
 k - a potion of attraction {!q}
 o - a potion of brilliance
 p - a potion of degeneration {!q}
 q - a potion of lignification {!q}

Dungeon Overview and Level Annotations

Branches:
Dungeon (7/15) Zot: 26872  Temple (0/1) D:5

Altars:
Kikubaaqudgha

Shops:
D:3 [[:((

Annotations:
D:2 1 runed translucent door, Crazy Yiuf
D:6 exclusion: steam dragon

##+# ##.§##
###...§#
##.')†.§##
#..##..#§##
##!..####DY#
#......#....#
#......#....+
##......##..##
#|.......######
#.............#
#.............#
#............##
#.......?.....#


You could see a steam dragon (catching breath).


Message History

You take 1 damage, and now have 60/64 hp.
The centaur hits you. The centaur closely misses you.
The water moccasin closely misses you.
The centaur hits you but does no damage.
The centaur closely misses you. The water moccasin bites you! 😮 HP[-13]
You take 13 damage, and now have 47/64 hp.
MASSIVE DAMAGE!! (PAUSE)
You barely miss the centaur.
You howl as the wereblood boils in your veins!
The centaur hits you but does no damage.
The centaur kicks you but does no damage.
The water moccasin bites you. 😮 HP[-1]
You take 1 damage, and now have 46/64 hp.
You punch the centaur! You freeze the centaur.
You feel a bit better.
You kill the centaur!
The water moccasin bites you! 😮 HP[-5]
You take 5 damage, and now have 41/64 hp.
Unknown command.
The water moccasin bites you.
You see here a +0 shortbow. 😮 HP[-5]
You take 5 damage, and now have 36/64 hp.
You punch the water moccasin!
The water moccasin seems to slow down.
You freeze the water moccasin. The water moccasin barely misses you.
You closely miss the water moccasin. The water moccasin bites you. 😮 HP[-1]
You take 1 damage, and now have 35/64 hp.
Unknown command.
You pummel the water moccasin!!
The water moccasin seems to slow down.
You freeze the water moccasin!
You feel a bit better.
You kill the water moccasin!
Your Ice Magic skill increases to level 5! 😮 HP[+2]
You regained 2 hp, and now have 37/64 hp.
You see here a water moccasin corpse. 😮 MP[+1] 😮 HP[+1]
You open the door.
A steam dragon and a bullfrog come into view.
The steam dragon hisses angrily.
The bullfrog croaks.
A bullfrog comes into view.
You closely miss the bullfrog.
You block the bullfrog's attack. 😮 HP[+1]
You punch the bullfrog! You freeze the bullfrog.
You howl as the wereblood boils in your veins!
The bullfrog hits you. 😮 HP[-2]
You take 2 damage, and now have 37/64 hp.
You hit the bullfrog. You freeze the bullfrog.
You howl as the wereblood boils in your veins!
The bullfrog hits you but does no damage.
The bullfrog barely misses you.
You punch the bullfrog! You freeze the bullfrog.
You feel a bit better.
You kill the bullfrog!
You block the bullfrog's attack.
You have reached level 9!
Your experience leads to an increase in your attributes!
Increase (S)trength, (I)ntelligence, or (D)exterity?
You feel stronger. x2 😮 HP[+5] MP[+1]
You now have 70 max hp (+6).
You regained 5 hp, and now have 42/70 hp.
You barely miss the bullfrog.
The bullfrog hits you but does no damage.
You punch the bullfrog! You freeze the bullfrog.
The bullfrog hits you but does no damage.
The bullfrog hits you. 😮 HP[-2]
You take 2 damage, and now have 40/70 hp.
You hit the bullfrog. You freeze the bullfrog.
The bullfrog hits you but does no damage.
Unknown command.
You punch the bullfrog!
The bullfrog seems to slow down.
You freeze the bullfrog.
You feel a bit better.
You kill the bullfrog!
The steam dragon breathes steam at you. The ball of steam hits you!!
Your condensation shield dissipates!
The steam scalds you terribly!
* * * LOW HITPOINT WARNING * * *
😨 HP[-21]
You take 21 damage, and now have 19/70 hp.
MASSIVE DAMAGE!! (PAUSE)
You are engulfed in a cloud of scalding steam.
* * * LOW HITPOINT WARNING * * *
The steam dragon bites you.
* * * LOW HITPOINT WARNING * * *
The steam dragon claws you.
* * * LOW HITPOINT WARNING * * *
There is an open door, spattered with blood here. 😱 HP[-17]
You take 17 damage, and now have 2/70 hp.
MASSIVE DAMAGE!! (PAUSE)
Okay, then.
You howl as the wereblood boils in your veins!
The steam dragon bites you.
You die...

Skill      XL: |  1  2  3  4  5  6  7  8 |
---------------+-------------------------+-----
Transmutations | 2 4 5 6 |  6.8
Unarmed Combat | 3 4 5 |  5.2
Poison Magic   | 1 2 |  2.0
Spellcasting   | 3 4 |  4.9
Ice Magic      | 1 3 5 |  5.2
Fighting       | |  1.0
Dodging        | |  1.7

Action                   |  1- 3 |  4- 6 |  7- 9 || total
-------------------------+-------+-------+-------++-------
Melee: Unarmed           |   124 |    59 |   148 ||   331
       Kick              |    16 |     4 |     1 ||    21
       Headbutt          |    12 |     5 |       ||    17
       Tailslap          |     6 |     3 |     1 ||    10
       Punch             |     1 |     1 |     2 ||     4
 Cast: Beastly Appendage |    29 |     9 |     2 ||    40
       Spider Form       |       |     7 |    12 ||    19
       Ice Form          |       |       |     7 ||     7
       Wereblood         |       |       |     3 ||     3
  Use: Scroll            |     7 |     5 |     3 ||    15
       Potion            |       |     4 |     1 ||     5
 Stab: Sleeping          |     2 |       |       ||     2
Armor: Robe              |    29 |     6 |       ||    35
       Skin              |       |    14 |   121 ||   135
Dodge: Dodged            |    80 |    31 |    72 ||   183
Block: Other             |     7 |    17 |    44 ||    68

Levels and vault maps discovered:
D:1:      scummos_arrival_star, layout_loops_ring,
          hellmonk_ecumenical_altar_arch_garden, minmay_tetromino_i4
D:2:      layout_basic, uniq_crazy_yiuf_cottage
D:3:      layout_basic, lemuel_crystal_altar, serial_shops,
          nicolae_shop_temple_entry_statues_fountains, shop,
          nicolae_shop_bloodbath_and_beyond, shop, nicolae_shop_crystal,
          uniq_sigmund, uniq_grinder
D:4:      layout_rooms, uniq_edmund
D:5:      layout_rooms, minmay_temple_entry_statues_pillars
D:6:      layout_loops_corners
D:7:      minmay_bubble_buster, layout_cave_pods,
          nicolae_overflow_hidden_temple, nicolae_ru_awakened_eye,
          mainiacjoe_overflow_big_doors, gup_ossuary_entry_pyramid,
          serial_shops, shop, minmay_ruffians

Notes
Turn   | Place    | Note
-------+----------+-------------------------------------------
     0 | D:1      | kae the Demonspawn Transmuter began the quest for the Orb.
     0 | D:1      | Reached XP level 1. HP: 15/15 MP: 3/3
     0 | D:1      | magus.rc [v1.11.3]
    69 | D:1      | Reached skill level 2 in Transmutations
    69 | D:1      | Found a faded altar of an unknown god.
   157 | D:1      | Gained mutation: You have a small tail. [demonic ancestry]
   157 | D:1      | Reached XP level 2. HP: 20/21 MP: 3/5
   347 | D:1      | You add the spells Ignite Poison, Sticky Flame and Ignition
                  | to your library.
   495 | D:1      | Reached skill level 3 in Unarmed Combat
   530 | D:1      | You pick up a book of Blasting and begin reading...
   530 | D:1      | You add the spells Kindle Blastsparks, Fulminant Prism,
                  | Iskenderun's Mystic Blast and Lee's Rapid Deconstruction to
                  | your library.
   543 | D:1      | Gained mutation: A meltable shield of frost defends you.
                  | (SH +0) [demonic ancestry]
   543 | D:1      | Reached XP level 3. HP: 26/26 MP: 4/6
   551 | D:1      | You pick up a book of Vapours and begin reading...
   551 | D:1      | You add the spells Poisonous Vapours, Cigotuvi's Dreadful
                  | Rot and Mephitic Cloud to your library.
   706 | D:1      | Learned a level 3 spell: Spider Form
  1045 | D:2      | Reached skill level 1 in Poison Magic
  1533 | D:2      | Gained mutation: You are partially covered in sharp spines.
                  | [demonic ancestry]
  1533 | D:2      | Reached XP level 4. HP: 29/32 MP: 5/7
  1560 | D:2      | Found a runed translucent door.
  1561 | D:2      | Noticed Crazy Yiuf
  1646 | D:2      | You pick up a book of Decay and begin reading...
  1646 | D:2      | You add the spells Dispel Undead and Death Channel to your
                  | library.
  1655 | D:2      | You pick up a book of Lightning and begin reading...
  1655 | D:2      | You add the spells Static Discharge, Vhi's Electric Charge,
                  | Lightning Bolt and Arcjolt to your library.
  1720 | D:2      | Identified the +0 leather armour of the Hart {rF+ Int+2
                  | Slay-3}
  1857 | D:2      | Learned a level 2 spell: Wereblood
  1913 | D:3      | Found Zaxkishu's Weapon Emporium.
  1940 | D:3      | Found Odel's Book Boutique.
  1984 | D:3      | Found an ancient bone altar of Kikubaaqudgha.
  1988 | D:3      | Noticed Grinder
  1991 | D:3      | Paralysed by Grinder for 2 turns
  1998 | D:3      | Paralysed by Grinder for 2 turns
  2007 | D:3      | Reached skill level 3 in Transmutations
  2097 | D:3      | Paralysed by Grinder for 5 turns
  2113 | D:3      | HP: 5/32 [Grinder (6)]
  2113 | D:3      | HP: 2/32 [Grinder (3)]
  2115 | D:3      | Killed Grinder
  2116 | D:3      | Reached skill level 3 in Spellcasting
  2116 | D:3      | Reached skill level 4 in Transmutations
  2116 | D:3      | Reached skill level 2 in Poison Magic
  2116 | D:3      | Reached XP level 5. HP: 23/37 MP: 7/9
  2116 | D:3      | Reached XP level 6. HP: 26/43 MP: 7/10
  2200 | D:3      | Learned a level 4 spell: Ice Form
  2319 | D:3      | Found Xegesib's Weapon Emporium.
  2462 | D:3      | Found Uzifeoq's Armour Emporium.
  2528 | D:3      | You pick up a book of Power and begin reading...
  2528 | D:3      | You add the spells Iskenderun's Battlesphere, Iron Shot and
                  | Spellforged Servitor to your library.
  2613 | D:3      | Noticed Sigmund
  2616 | D:3      | Found Mago's Antique Armour Boutique.
  2621 | D:3      | Killed Sigmund
  2622 | D:3      | Reached skill level 1 in Ice Magic
  3002 | D:4      | Reached skill level 4 in Unarmed Combat
  3002 | D:4      | Reached XP level 7. HP: 48/48 MP: 9/12
  3005 | D:4      | Reached skill level 2 in Ice Magic
  3019 | D:4      | HP: 18/72 [frozen (4)]
  3203 | D:4      | Reached skill level 5 in Transmutations
  3294 | D:4      | Noticed Edmund
  3307 | D:4      | Killed Edmund
  3308 | D:4      | Reached skill level 3 in Ice Magic
  3535 | D:5      | Entered Level 5 of the Dungeon
  3621 | D:5      | Reached skill level 4 in Spellcasting
  3681 | D:5      | You pick up a book of Vapours and begin reading...
  3919 | D:5      | You pick up a book of Scorching and begin reading...
  3919 | D:5      | You add the spells Scorch, Flame Wave and Summon Cactus
                  | Giant to your library.
  4012 | D:5      | HP: 12/48 [ice beast (5)]
  4012 | D:5      | HP: 1/48 [ice beast (11)]
  4014 | D:5      | Gained mutation: You are partially covered in large bone
                  | plates. (SH +4) [demonic ancestry]
  4014 | D:5      | Reached XP level 8. HP: 2/54 MP: 8/14
  4226 | D:5      | Found a staircase to the Ecumenical Temple.
  4367 | D:5      | You pick up a book of Callings and begin reading...
  4367 | D:5      | You add the spells Summon Small Mammal, Call Canine
                  | Familiar and Summon Guardian Golem to your library.
  4519 | D:6      | Reached skill level 4 in Ice Magic
  4520 | D:6      | HP: 12/54 [orc/+0 hand axe (6)]
  4753 | D:6      | Reached skill level 6 in Transmutations
  5553 | D:7      | Reached skill level 5 in Unarmed Combat
  5624 | D:7      | Reached skill level 5 in Ice Magic
  5632 | D:7      | Reached XP level 9. HP: 42/59 MP: 11/16
  5636 | D:7      | HP: 7/70 [steam dragon] (12)]
  5636 | D:7      | HP: 3/70 [steam dragon (4)]
  5637 | D:7      | Slain by a steam dragon

Vanquished Creatures
  Grinder (D:3)
  Sigmund (D:3)
  Edmund (D:4)
  2 water moccasins (D:7)
  An ice beast (D:5)
  An orc warrior (D:6)
  A black bear (D:6)
  An ogre (D:5)
  A centaur (D:7)
  3 bullfrogs (D:7)
  2 scorpions
  2 jellies
  3 hounds
  4 orc priests
  4 iguanas
  2 orc wizards (D:4)
  3 gnolls (D:4)
  7 adders
  A white imp (D:6)
  2 ufetubi
  20 orcs
  4 ball pythons
  8 bats
  7 endoplasms
  5 giant cockroaches
  12 goblins
  6 hobgoblins
  3 jackals (D:3)
  3 quokkas
  2 frilled lizards (D:1)
  10 kobolds
  4 rats
127 creatures vanquished.

Table legend:
 A = Non-vault XP
 B = Vault XP
 C = Vault XP percentage of total XP
 D = Non-vault monster count
 E = Vault monster count
 F = Vault count percentage of total count
                 A         B        C        D         E       F
            +---------+---------+-------+---------+---------+-------
      Total |    1807 |    1143 |  38.7 |     117 |      10 |   7.9
            +---------+---------+-------+---------+---------+-------
        D:1 |      45 |       5 |  10.0 |      28 |       3 |   9.7
        D:2 |      49 |       0 |   0.0 |      15 |       0 |   0.0
        D:3 |      86 |     491 |  85.1 |      18 |       2 |  10.0
        D:4 |     378 |     169 |  30.9 |      27 |       1 |   3.6
        D:5 |     452 |       0 |   0.0 |      13 |       0 |   0.0
        D:6 |     517 |       0 |   0.0 |      12 |       0 |   0.0
        D:7 |     280 |     478 |  63.1 |       4 |       4 |  50.0
            +---------+---------+-------+---------+---------+-------

Illustrated notes

Table legend:
 A = Kills in this place as a percentage of kills in entire the game.
 B = Kills by you in this place as a percentage of kills by you in the entire game.
 C = Kills by friends in this place as a percentage of kills by friends in the entire game.
 D = Other kills in this place as a percentage of other kills in the entire game.
 E = Experience gained in this place as a percentage of experience gained in the entire game.
 F = Experience gained in this place divided by the number of levels of this place that you have seen.
                   A       B       C       D       E      F
               +-------+-------+-------+-------+-------+----------------------
         Total | 100.0 | 100.0 |   N/A |   N/A | 100.0 | 421.4
       Dungeon | 100.0 | 100.0 |   N/A |   N/A | 100.0 | 421.4
               +-------+-------+-------+-------+-------+----------------------

Table legend: (Time is in decaauts)
 A = Elapsed time spent in this place.
 B = Non-inter-level travel time spent in this place.
 C = Inter-level travel time spent in this place.
 D = Time resting spent in this place.
 E = Time spent auto-exploring this place.
 F = Levels seen in this place.
 G = Mean time per level.
                   A        B        C        D        E       F      G
               +--------+--------+--------+--------+--------+-----+--------+
         Total |   5612 |   5433 |    179 |     75 |   4430 |   7 |  801.7 |
       Dungeon |   5612 |   5433 |    179 |     75 |   4430 |   7 |  801.7 |
               +--------+--------+--------+--------+--------+-----+--------+

Top non-repeatable levels by time:
     D:2: 1079 daAuts
     D:6: 1066 daAuts
     D:5: 898 daAuts
     D:3: 856 daAuts
     D:1: 855 daAuts
     D:4: 729 daAuts
     D:7: 126 daAuts
